 Dungeon Crawl Stone Soup version 0.20-a0-924-gfa95efa (webtiles) character file.

11 RKaid the Sneak (level 2, -1/13 HPs)
             Began as a Spriggan Enchanter on Mar 27, 2017.
             Killed from afar by a dart slug (4 damage)
             ... with a slug dart
             ... on level 1 of the Dungeon.
             The game lasted 00:09:32 (1729 turns).

RKaid the Sneak (Spriggan Enchanter)                Turns: 1729, Time: 00:09:33

Health: -1/13      AC:  2    Str:  4    XL:     2   Next: 17%
Magic:  6/6        EV: 18    Int: 16    God:
Gold:   32         SH:  0    Dex: 16    Spells: 3/6 levels left

rFire    . . .     SeeInvis +   a - +1 dagger
rCold    . . .     Gourm    .   (shield restricted)
rNeg     . . .     Faith    .   i - +0 robe
rPois    .         Spirit   .   (helmet restricted)
rElec    .         Reflect  .   (no cloak)
rCorr    .         Harm     .   (gloves unavailable)
MR       .....                  (boots unavailable)
Stlth    +++.......             (no amulet)
Regen    0.1/turn               (no ring)
MPRegen  0.1/turn               (no ring)

@: very quick
A: unfitting armour, see invisible, herbivore 3, speed 3, slow metabolism 2
a: no special abilities


You were on level 1 of the Dungeon.
You were not hungry.

You visited 1 branch of the dungeon, and saw 1 of its levels.

You collected 32 gold pieces.

Inventory:

Hand Weapons
 a - a +1 dagger (weapon)
 b - a +0 hand axe of chopping
   (You took it off a hobgoblin on level 1 of the Dungeon)
Missiles
 h - 15 stones (quivered)
 j - 38 sling bullets
Armour
 i - a +0 robe (worn)
Scrolls
 e - 3 scrolls of teleportation {unknown}
 g - a scroll of remove curse {unknown}
Potions
 f - a potion of lignification {unknown}
 l - a potion of flight {unknown}
Books
 c - a book of Maledictions
Comestibles
 d - a bread ration
 k - 2 royal jellies


   Skills:
 + Level 1.7 Short Blades
 - Level 3.0 Dodging
 + Level 5.1 Stealth
 - Level 2.6 Spellcasting
 + Level 3.7 Hexes


You had 3 spell levels left.
You knew the following spells:

 Your Spells              Type           Power        Failure   Level  Hunger
a - Ensorcelled Hibernat  Hex/Ice        #.....       14%         2    ##.....
b - Corona                Hex            ##.....      6%          1    #......


Dungeon Overview and Level Annotations

Branches:
Dungeon (1/15)

Altars:


Innate Abilities, Weirdness & Mutations

You are very small and have problems with some larger weapons.
You are too small for most types of armour.
You have supernaturally acute eyesight. (SInv)
You are a herbivore.
You cover ground extremely quickly.
You need consume almost no food.


Message History

You kill the goblin!
You have reached level 2!
You see here a club.
Memorise Ensorcelled Hibernation, consuming 2 spell levels and leaving 3?
You start memorising the spell.
You continue memorising. x2
You finish memorising.
Spell assigned to 'a'.
The kobold shouts!
The kobold throws a stone.
The stone closely misses you.
The kobold throws a stone.
The stone hits you.
The kobold throws a stone.
The stone misses you.
You see here a stone.
The kobold throws a stone.
The stone closely misses you.
You see here a stone.
You see here 2 stones.
Casting: Corona
Confirm with . or Enter, or press ? or * to list all spells.
Aiming: Ensorcelled Hibernation
Press: ? - help, Shift-Dir - straight line, f - kobold
Aim: a kobold, wielding a whip (chance to defeat MR: 56%)
The kobold resists with significant effort.
The kobold closely misses you.
You see here 2 stones.
Casting: Ensorcelled Hibernation
Confirm with . or Enter, or press ? or * to list all spells.
Aiming: Ensorcelled Hibernation
Press: ? - help, Shift-Dir - straight line, f/p - kobold
Aim: a kobold, wielding a whip (chance to defeat MR: 56%)
The kobold resists with significant effort.
The kobold closely misses you.
You see here a stone.
Casting: Ensorcelled Hibernation
Confirm with . or Enter, or press ? or * to list all spells.
Aiming: Ensorcelled Hibernation
Press: ? - help, Shift-Dir - straight line, f/p - kobold
Aim: a kobold, wielding a whip (chance to defeat MR: 56%)
The kobold resists with significant effort.
You see here a stone.
Casting: Ensorcelled Hibernation
Confirm with . or Enter, or press ? or * to list all spells.
You don't have enough magic to cast that spell.
The kobold shouts!
Casting: Ensorcelled Hibernation
Confirm with . or Enter, or press ? or * to list all spells.
Aiming: Ensorcelled Hibernation
Press: ? - help, Shift-Dir - straight line, f/p - kobold
Aim: a kobold, wielding a whip (chance to defeat MR: 56%)
The kobold resists with significant effort.
You closely miss the kobold. The kobold misses you.
You hit the kobold. The kobold closely misses you.
You hit the kobold. The kobold hits you with a whip.
You hit the kobold but do no damage. The kobold misses you.
You hit the kobold.
You kill the kobold!
Things that are here:
a whip; a kobold corpse You start resting.
A rat comes into view.
You hit the rat but do no damage. The rat closely misses you.
You hit the rat but do no damage. The rat closely misses you.
You hit the rat. The rat closely misses you.
You hit the rat.
You kill the rat!
h - 12 stones (gained 1)
h - 13 stones (gained 1)
h - 15 stones (gained 2)
There is a stone staircase leading down here.
You now have 32 gold pieces (gained 14).
Found a stone staircase leading down.
A hobgoblin comes into view. It is wielding a club.
The hobgoblin shouts!
A dart slug comes into view.
The hobgoblin closely misses you.
You hit the hobgoblin. You hit the hobgoblin.
The hobgoblin hits you with a club.
You hit the hobgoblin but do no damage. The hobgoblin closely misses you.
You hit the hobgoblin.
You kill the hobgoblin!
Things that are here:
a club; a hobgoblin corpse The dart slug completely misses you.
You hit the dart slug but do no damage. The dart slug launches a dart at you.
The slug dart hits you!
You hit the dart slug. You hit the dart slug. The dart slug closely misses you.
You hit the dart slug but do no damage. You hit the dart slug but do no damage.
The dart slug barely misses you.
You hit the dart slug. The dart slug launches a dart at you.
The slug dart hits you!
Ouch! That really hurt!
* * * LOW HITPOINT WARNING * * *
You hit the dart slug.
A hobgoblin comes into view. It is wielding a club.
You hit the dart slug. The dart slug barely misses you.
You hit the dart slug but do no damage. The dart slug launches a dart at you.
The slug dart hits you!
The jackal barks!
You die...

#........##.....[...##.#
######.#.##.........##.#
#...##.........##.#
#...##.........##)#
#.....####.#..###.##
#..##.# #.##......#
#..##.####.######..#
#..#.....#.# #..# #..@w#
. #... #)#.....g.. #...
#...####..h #... #..## .
K... #..# .l. ##.# #.#
#.. ..


You could see a dart slug, a jackal and a hobgoblin.

Vanquished Creatures
  A goblin (D:1)
  4 hobgoblins (D:1)
  A jackal (D:1)
  A kobold (D:1)
  3 rats (D:1)
10 creatures vanquished.

Notes
Turn   | Place    | Note
-------+----------+-------------------------------------------
     0 | D:1      | RKaid the Spriggan Enchanter began the quest for the Orb.
     0 | D:1      | Reached XP level 1. HP: 9/9 MP: 5/5
   249 | D:1      | HP: 2/9 [hobgoblin (4)]
   562 | D:1      | HP: 2/9 [hobgoblin/hand axe of chopping (2)]
   898 | D:1      | HP: 1/9 [jackal (2)]
  1077 | D:1      | HP: 1/9 [jackal (2)]
  1445 | D:1      | Reached skill level 5 in Stealth
  1457 | D:1      | Reached XP level 2. HP: 13/13 MP: 6/6
  1469 | D:1      | Learned a level 2 spell: Ensorcelled Hibernation
  1726 | D:1      | HP: 3/13 [dart slug/slug dart (7)]
  1729 | D:1      | Killed from afar by a dart slug

Vault maps used:
D:1:      grunt_arrival_lava_bath, minmay_close_crescents

Skill      XL: |  1 |
---------------+----+-----
Stealth        | 5 |  5.1
Short Blades   | |  1.7
Dodging        | |  3.0
Spellcasting   | |  2.6
Hexes          | |  3.7

Action                   || total
-------------------------++-------
Melee: Dagger            ||    62
       Hand axe          ||     8
Throw: Stone             ||    31
 Cast: Corona            ||    14
       Ensorcelled Hiber ||     4
 Stab: Distracted        ||     1
       Sleeping          ||     1
Armor: Robe              ||     8
Dodge: Dodged            ||    56

Table legend:
 A = Turns spent in this place as a percentage of turns spent in the entire game.
 B = Non-inter-level travel turns spent in this place as a percentage of non-inter-level travel turns spent in the entire game.
 C = Inter-level travel turns spent in this place as a percentage of turns spent in this place.
 D = Turns resting spent in this place as a percentage of non-inter-level travel turns spent in this place.
 E = Turns spent auto-exploring this place as a percentage of non-inter-level travel turns spent in this place.
 F = Non-inter-level travel turns spent in this place divided by the number of levels of this place that you've seen.
                   A       B       C       D       E      F
               +-------+-------+-------+-------+-------+----------------------
         Total | 100.0 | 100.0 |   0.0 |   2.2 |   0.9 | 924.0
       Dungeon | 100.0 | 100.0 |   0.0 |   2.2 |   0.9 | 924.0
               +-------+-------+-------+-------+-------+----------------------

Table legend:
 A = Kills in this place as a percentage of kills in entire the game.
 B = Kills by you in this place as a percentage of kills by you in the entire game.
 C = Kills by friends in this place as a percentage of kills by friends in the entire game.
 D = Other kills in this place as a percentage of other kills in the entire game.
 E = Experience gained in this place as a percentage of experience gained in the entire game.
 F = Experience gained in this place divided by the number of levels of this place that you have seen.
                   A       B       C       D       E      F
               +-------+-------+-------+-------+-------+----------------------
         Total | 100.0 | 100.0 |  -nan |  -nan | 100.0 |  17.0
       Dungeon | 100.0 | 100.0 |  -nan |  -nan | 100.0 |  17.0
               +-------+-------+-------+-------+-------+----------------------
